 Dungeon Crawl Stone Soup version 0.30.1 (webtiles) character file.

Game seed: 13023672952004897419

27964 Graphine the Spry (level 13, 0/162 HPs)
             Began as a Merfolk Gladiator on July 7, 2023.
             Was a High Priest of Sif Muna.
             Killed by vampiric draining
             ... invoked by a vampire mage
              (14 damage)
             ... on level 1 of the Abyss.
             The game lasted 00:39:45 (12141 turns).

Graphine the Spry (Merfolk Gladiator)              Turns: 12141, Time: 00:39:45

Health: 0/162      AC:  7    Str: 14    XL:     13   Next: 35%
Magic:  13/13      EV: 30    Int: 14    God:    Sif Muna [*****.]
Gold:   489        SH: 11    Dex: 23    Spells: 12/12 levels left

rFire   . . .        B - +9 scimitar (elec)
rCold   . . .        C - +0 buckler
rNeg    . . .        I - +0 troll leather armour
rPois   .            N - +1 helmet {Int+3}
rElec   .            O - scarf {repulsion}
rCorr   .            q - +0 pair of gloves
SInv    .            D - melded +2 pair of boots
Will    .....        d - amulet of reflection Stlth
                     m - ring of wizardry
HPRegen 0.00/turn    h - +6 ring of dexterity
MPRegen 0.13/turn

%: repel missiles, reflection, wizardry (x1)
@: mighty, berserking, inhibited regen, studying Hexes, very quick
A: nimble swimmer 2, mertail, inhibited regeneration
a: Renounce Religion, Channel Magic, Forget Spell, Divine Exegesis


You were on level 1 of the Abyss.
You worshipped Sif Muna.
Sif Muna was extremely pleased with you.
You visited 2 branches of the dungeon, and saw 12 of its levels.
You visited the Abyss 1 time.
You also visited: Bailey.

You collected 1288 gold pieces.
You spent 799 gold pieces at shops.

Inventory:

Hand Weapons
 b - a +1 long sword of venom
 j - a +1 spectral dagger
 B - a +9 scimitar of electrocution (weapon)
 M - the +0 great sword of the Moth {vamp, rF- rC- Dex+7 SInv}
   (You bought it in a shop on level 2 of the Orcish Mines)

   Dex:       It affects your dexterity (+7).
   rF:        It makes you vulnerable to fire.
   rC:        It makes you vulnerable to cold.
   SInv:      It lets you see invisible.
Missiles
 F - 17 javelins (quivered)
 L - 8 boomerangs
Armour
 e - a +0 tower shield
 o - a +1 cloak
 q - a +0 pair of gloves (worn)
 C - a +0 buckler (worn)
 D - a +2 pair of boots (melded)
 I - a +0 troll leather armour (worn)
 N - a +1 helmet of intelligence (worn)
 O - a scarf of repulsion (worn)
Magical Staves
 y - a staff of death
Jewellery
 d - an amulet of reflection (around neck)
 h - a +6 ring of dexterity (right hand)
 m - a ring of wizardry (left hand)
 r - an amulet of guardian spirit
Wands
 H - a wand of acid (9)
 J - a wand of flame (9)
Scrolls
 n - a scroll of blinking
 u - a scroll of fear
 w - 4 scrolls of teleportation
 E - a scroll of summoning
 G - a scroll of enchant weapon
Potions
 a - 3 potions of heal wounds
 f - 2 potions of mutation
 i - 2 potions of haste
 k - 3 potions of flight
 l - a potion of curing
 p - a potion of invisibility
 s - 3 potions of lignification
 t - a potion of attraction
 v - 2 potions of brilliance
 x - 2 potions of might
 A - 5 potions of ambrosia
 K - a potion of cancellation


   Skills:
 - Level 12.0 Fighting
 - Level 14.0 Long Blades
 + Level 8.7 Throwing
 * Level 15.9 Dodging
 - Level 4.0 Shields
 + Level 7.3 Hexes


You had 12 spell levels left.
You didn't know any spells.
Your spell library contained the following spells:

 Spells                   Type           Power      Damage    Failure   Level
 Inner Flame              Hex/Fire       10%        N/A       13%         3
 Freeze                   Ice            0%         1d3       19%         1
 Fulminant Prism          Conj/Hex       5%         3d6       38%         4
 Volatile Blastmotes      Fire/Tloc      0%         2d10      47%         3
 Metabolic Englaciation   Hex/Ice        5%         N/A       71%         5
 Summon Mana Viper        Hex/Summ       10%        N/A       71%         5
 Iskenderun's Mystic Bla  Conj/Tloc      0%         2d3       86%         4
 Sticky Flame             Conj/Fire      0%         2d3       86%         4
 Lee's Rapid Deconstruct  Erth           0%         3d4*      99%         5
 Summon Forest            Summ/Tloc      0%         N/A       99%         5
 Plasma Beam              Fire/Air       0%         2x1d11    100%        6
 Simulacrum               Ice/Necr       0%         N/A       100%        6
 Summon Cactus Giant      Summ           0%         N/A       100%        6


Dungeon Overview and Level Annotations

Branches:
Dungeon (10/15)            Temple (0/1) D:4             Orc (2/2) D:9
    Elf (0/3) Orc:2        Bailey (visited)
   Lair: D:8-11

Altars:
Fedhas
Kikubaaqudgha
Makhleb
Okawaru
Ru
Sif Muna
Trog
Uskayaw
Vehumet
Yredelemnul
Zin
The Shining One

Shops:
D:2 (   D:6 :   D:7 [[   Orc:2 *=*[(*

Annotations:
D:10 Erolcha


Innate Abilities, Weirdness & Mutations

You are very nimble when in or above water. (Stealth+, EV+, Speed+++)
Your lower body shifts to a powerful aquatic tail in water.
You do not regenerate when monsters are visible.


Message History

The jiangshi misses you. The jiangshi claws you!
The jiangshi draws strength from your injuries!
You slice the jiangshi!!
The jiangshi is severely damaged.
The jiangshi splashes around in the water.
The jiangshi claws you!
The jiangshi draws strength from your injuries!
A large abomination comes into view.
The jiangshi claws you!!
* * * LOW HITPOINT WARNING * * *
The jiangshi draws strength from your injuries!
The jiangshi completely misses you.
A red film seems to cover your vision as you go berserk!
You feel yourself moving faster!
You feel mighty!
You closely miss the jiangshi. You block the jiangshi's attack. x2
You slice the jiangshi!!
Your tail-slap misses the jiangshi.
The jiangshi is moderately damaged.
Something misses you. Something bites you.
* * * LOW HITPOINT WARNING * * *
Something draws strength from your injuries!
You slash the jiangshi!
The jiangshi is heavily damaged.
The jiangshi closely misses you. The jiangshi claws you!
* * * LOW HITPOINT WARNING * * *
The jiangshi draws strength from your injuries!
You slice the jiangshi!!
Lightning courses through the jiangshi!!
You destroy the jiangshi!
Sif Muna accepts your kill.
You see here Voubbu's Secrets of Attendants and Anathema {god gift}.
Sif Muna grants you a gift! Something closely misses you. Something bites you!
* * * LOW HITPOINT WARNING * * *
Something draws strength from your injuries!
You feel your intelligence returning.
You slice something!! You closely miss the jiangshi.
The jiangshi is severely damaged.
Something draws life force from you!
You die...

. # # #...#
.#..# #
#...## ... .
####~~~###..
........#..
# ##~.X~~###
. # #V{≈...#
#@# # .. .
### . # .


You could see a jiangshi (corroded) and a large abomination.

Vanquished Creatures
  Saint Roka (Orc:1)
  An orc warlord (Orc:2)
  2 very ugly things (Abyss:1)
  A jiangshi (Abyss:1)
  3 orc high priests (Orc:2)
  A shadow wraith (Abyss:1)
  Pikel (D:7)
  5 orc knights
  An ugly thing (Abyss:1)
  5 orc sorcerers (Orc:2)
  A worldbinder (Abyss:1)
  Maurice (D:10)
  The ghost of LavenderCorpse the Magician, a novice DjHW of Makhleb (D:5)
  An ancient zyme (Abyss:1)
  A queen bee (Orc:1)
  9 trolls
  A shadow (Abyss:1)
  A wyvern (D:8)
  Eustachio (D:6)
  9 yaks
  A neqoxec (Abyss:1)
  A steam dragon (D:8)
  3 wargs
  Edmund (D:6)
  2 acid dragons (D:9)
  A large abomination (Abyss:1)
  40 orc warriors
  2 black bears
  An ice beast (D:5)
  A sky beast (D:6)
  7 ogres
  A lemure (D:7)
  13 centaurs
  A small abomination (Abyss:1)
  2 phantoms
  A kobold brigand (D:10)
  3 bullfrogs
  A gnoll sergeant (D:10)
  2 scorpions
  4 wights (D:9)
  14 killer bees
  6 howler monkeys
  A crimson imp (D:7)
  2 gnoll boudas
  4 hounds
  30 orc priests
  4 jellies
  3 iguanas (D:5)
  19 orc wizards
  14 gnolls
  9 adders
  2 white imps (D:5)
  2 ufetubi
  A worm (D:2)
  3 dart slugs
  106 orcs
  6 bats
  10 endoplasms
  4 giant cockroaches
  6 goblins
  5 hobgoblins
  10 jackals
  8 kobolds
  6 quokkas
  8 ball pythons
  A frilled lizard (D:2)
  2 goblin skeletons (D:7)
  A goblin zombie (D:7)
  2 hobgoblin zombies (D:7)
  2 kobold skeletons (D:7)
  A kobold zombie (D:7)
  2 orc skeletons (D:7)
  An orc zombie (D:7)
  6 rats
436 creatures vanquished.

Vanquished Creatures (collateral kills)
  An orc (Orc:2)
1 creature vanquished.

Vanquished Creatures (others)
  A small abomination (Abyss:1)
  An orc wizard (Orc:2)
  A kobold (D:10)
3 creatures vanquished.

Grand Total: 440 creatures vanquished

Notes
Turn   | Place    | Note
-------+----------+-------------------------------------------
     0 | D:1      | Graphine the Merfolk Gladiator began the quest for the Orb.
     0 | D:1      | Reached XP level 1. HP: 16/16 MP: 1/1
    51 | D:1      | Reached XP level 2. HP: 8/23 MP: 2/2
   400 | D:1      | Reached XP level 3. HP: 28/28 MP: 3/3
   725 | D:2      | You fall into a shaft and drop 2 floors!
   746 | D:4      | Noticed a black bear
   763 | D:4      | Killed a black bear
   764 | D:4      | Reached skill level 5 in Dodging
   764 | D:4      | Reached XP level 4. HP: 25/35 MP: 4/4
   764 | D:4      | Reached XP level 5. HP: 30/41 MP: 5/5
   930 | D:4      | Noticed a phantom
   955 | D:4      | Killed a phantom
   956 | D:4      | Reached XP level 6. HP: 12/48 MP: 6/6
  1274 | D:3      | Reached skill level 5 in Long Blades
  1351 | D:3      | Found a faded altar of an unknown god.
  1913 | D:2      | Found a shimmering blue altar of Sif Muna.
  2080 | D:2      | Became a worshipper of Sif Muna the Loreminder
  2296 | D:2      | Found Metob's Antique Weapon Emporium.
  2470 | D:2      | Bought a glowing scimitar for 168 gold pieces
  2663 | D:3      | Identified a scroll of acquirement
  2663 | D:3      | Acquired a manual of Hexes
  2712 | D:4      | Found a staircase to the Ecumenical Temple.
  2882 | D:4      | Found an iron altar of Okawaru.
  2883 | D:4      | Found a bloodstained altar of Trog.
  3030 | D:4      | Reached skill level 6 in Dodging
  3413 | D:5      | Entered Level 5 of the Dungeon
  3418 | D:5      | Reached * piety under Sif Muna
  3572 | D:5      | Reached XP level 7. HP: 47/55 MP: 5/7
  3639 | D:5      | Found a burning altar of Makhleb.
  3669 | D:5      | HP: 1/55 [gnoll bouda/+0 club (7)]
  3988 | D:5      | Reached skill level 5 in Fighting
  4131 | D:5      | Found a runed translucent gate.
  4132 | D:5      | Found a runed translucent gate.
  4133 | D:5      | Found a runed translucent gate.
  4139 | D:5      | Noticed LavenderCorpse's ghost (novice DjHW)
  4142 | D:5      | Identified the +0 spear of the Tomato {venom, rCorr Dex+3}
  4142 | D:5      | Identified the +0 leather armour "Zexuhoc" {Str+5}
  4402 | D:5      | Killed LavenderCorpse's ghost
  4403 | D:5      | Reached skill level 5 in Throwing
  4403 | D:5      | Reached skill level 7 in Dodging
  4403 | D:5      | Reached XP level 8. HP: 41/63 MP: 8/8
  4711 | D:6      | Reached skill level 8 in Dodging
  4801 | D:6      | Reached ** piety under Sif Muna
  4917 | D:6      | Found a radiant altar of Vehumet.
  4937 | D:6      | Noticed Edmund
  4945 | D:6      | Killed Edmund
  4946 | D:6      | Reached XP level 9. HP: 61/71 MP: 6/9
  5020 | D:6      | Found Kedooh's Book Boutique.
  5114 | D:6      | Noticed Eustachio
  5124 | D:6      | Killed Eustachio
  5494 | D:6      | Reached skill level 1 in Shields
  5771 | D:7      | Noticed Pikel
  5782 | D:7      | Killed Pikel
  5783 | D:7      | Reached skill level 9 in Dodging
  5841 | D:7      | Found a glowing golden altar of the Shining One.
  5911 | D:7      | Found a flagged portal.
  5926 | Bailey   | Entered a bailey
  5946 | Bailey   | Reached *** piety under Sif Muna
  6162 | Bailey   | Reached XP level 10. HP: 40/80 MP: 10/10
  6170 | Bailey   | Reached skill level 10 in Dodging
  6797 | D:7      | Found Qymam's Armour Shop.
  7036 | D:7      | Found Rostam's Dragon-Slaying Spoils.
  7117 | D:7      | Found an ancient bone altar of Kikubaaqudgha.
  7202 | D:7      | Reached **** piety under Sif Muna
  7619 | D:8      | Found a basalt altar of Yredelemnul.
  7750 | D:8      | Found a sacrificial altar of Ru.
  7752 | D:8      | Found a hide-covered altar of Uskayaw.
  7876 | D:8      | Reached skill level 10 in Long Blades
  7880 | D:8      | Reached skill level 11 in Dodging
  8041 | D:8      | Found a glowing silver altar of Zin.
  8514 | D:9      | Reached XP level 11. HP: 90/90 MP: 11/11
  8787 | D:9      | Found a staircase to the Orcish Mines.
  8814 | D:9      | Reached skill level 12 in Dodging
  8864 | D:9      | Reached skill level 10 in Fighting
  8931 | Orc:1    | Entered Level 1 of the Orcish Mines
  8941 | Orc:1    | Noticed an orc knight
  8965 | Orc:1    | Killed an orc knight
  8978 | Orc:1    | Reached ***** piety under Sif Muna
  9569 | Orc:1    | Noticed an orc knight
  9584 | Orc:1    | Killed an orc knight
  9770 | Orc:2    | Entered Level 2 of the Orcish Mines
  9770 | Orc:2    | Found a staircase to the Elven Halls.
  9799 | Orc:2    | Received a gift from Sif Muna
  9805 | Orc:2    | Got Vv's Volume of the Gelid Pyre {god gift}
  9837 | Orc:2    | Found Sugg's General Store.
  9910 | Orc:2    | Reached skill level 13 in Dodging
  9971 | Orc:2    | Noticed Saint Roka
  9972 | Orc:2    | Reached skill level 1 in Hexes
 10088 | Orc:1    | Killed Saint Roka
 10089 | Orc:1    | Reached XP level 12. HP: 37/100 MP: 12/12
 10187 | Orc:2    | Found Iwixah's Gadget Gallery.
 10563 | Orc:2    | Noticed a sun demon
 10639 | Orc:2    | Noticed an orc high priest
 10659 | Orc:2    | Killed an orc high priest
 10683 | Orc:1    | Reached skill level 14 in Dodging
 10857 | Orc:2    | Noticed an orc high priest
 10859 | Orc:2    | Noticed an orc warlord
 10863 | Orc:2    | Noticed an orc high priest
 10867 | Orc:2    | Killed an orc high priest
 10869 | Orc:2    | Noticed a soul eater
 10869 | Orc:2    | Noticed a soul eater
 10931 | Orc:2    | Noticed a sun demon
 10995 | Orc:2    | Killed an orc warlord
 11036 | Orc:2    | Reached skill level 5 in Hexes
 11102 | Orc:2    | Killed an orc high priest
 11107 | Orc:2    | Noticed a sun demon
 11262 | Orc:2    | Found Qoqaj's General Store.
 11263 | Orc:2    | Found Unylil's Jewellery Boutique.
 11265 | Orc:2    | Found Kubbul's Antique Armour Shop.
 11265 | Orc:2    | Found Amipt's Antique Weapon Shop.
 11276 | Orc:2    | Reached XP level 13. HP: 104/108 MP: 13/13
 11312 | Orc:2    | Bought a pair of embroidered boots for 195 gold pieces
 11312 | Orc:2    | Bought a glowing helmet for 195 gold pieces
 11324 | Orc:2    | Bought a translucent great sword for 241 gold pieces
 11324 | Orc:2    | Identified the +0 great sword of the Moth {vamp, rF- rC-
                  | Dex+7 SInv} (You bought it in a shop on level 2 of the
                  | Orcish Mines)
 11497 | D:10     | Entered Level 10 of the Dungeon
 11505 | D:10     | Found a blossoming altar of Fedhas.
 11510 | D:10     | Reached skill level 15 in Dodging
 11557 | D:10     | Noticed Maurice
 11577 | D:10     | Killed Maurice
 11653 | D:10     | Noticed Erolcha
 11682 | Abyss:1  | Cast into level 1 of the Abyss (Erolcha)
 11967 | Abyss:1  | Gained mutation: You do not regenerate when monsters are
                  | visible. [a neqoxec]
 12069 | Abyss:1  | Noticed a purple very ugly thing
 12073 | Abyss:1  | Noticed a purple very ugly thing
 12086 | Abyss:1  | Killed a brown very ugly thing
 12092 | Abyss:1  | Killed a brown very ugly thing
 12127 | Abyss:1  | Noticed a jiangshi
 12127 | Abyss:1  | Noticed a jiangshi
 12139 | Abyss:1  | Killed a jiangshi
 12139 | Abyss:1  | Received a gift from Sif Muna
 12141 | Abyss:1  | Killed from afar by a vampire mage

Illustrated notes

Levels and vault maps discovered:
D:1:      wander_arrival_peaceful_grave, layout_rooms
D:2:      layout_rooms, serial_shops, nicolae_square_shop, basic_altar
D:3:      layout_loops_ring, shapermc_ecumenical_altar_gd
D:4:      layout_basic, grunt_temple_overflow_bloody_war,
          minmay_temple_entry_glassed_door, serial_bayou, serial_bayou_lagoon_a,
          serial_bayou_shore_a, serial_bayou_pond_e, serial_bayou_pond_c,
          chequers_serial_rivers_marsh
D:5:      layout_loops_ring, mainiacjoe_overflow_small_starburst,
          biasface_ghost_orc_armoury
D:6:      layout_layer_cave, kennysheep_little_box, serial_shops, shop_coins,
          uniq_edmund, uniq_eustachio
D:7:      layout_basic, mainiacjoe_overflow_catwalk,
          nicolae_tso_besieged_by_evil, enter_bailey_7, serial_shops,
          nicolae_shop_hallway_stairs, serial_aquarium, aquarium_bridge_straight
          [aquarium_subvault_bridge, aquarium_subvault_window,
          aquarium_subvault_bridge, aquarium_subvault_window],
          aquarium_bridge_island_small [aquarium_subvault_small_water,
          aquarium_subvault_window, aquarium_subvault_bridge,
          aquarium_subvault_wall, aquarium_subvault_wall], aquarium_window_2,
          aquarium_window_fake, aquarium_view_2d, aquarium_view_2b,
          aquarium_pool_side, nicolae_shop_dragon_depot,
          kennysheep_generic_room_16, uniq_pikel
D:8:      layout_cave_pools, grunt_temple_overflow_open, zin_scriptorium
D:9:      layout_rooms, minmay_orc_entry_temple_small
D:10:     layout_basic, mainiacjoe_overflow_concentric_impassable,
          fedhas_bush_and_centaur_altar, erik_lair_orcish_takeover,
          uniq_erolcha, uniq_maurice
Orc:1:    layout_caves, special_room [special_room_bee], serial_shops, shop,
          shop, minmay_orc_barracks
Orc:2:    st_orc_congregation, layout_diamond_mine, serial_shops,
          nicolae_shop_crystal, nicolae_shop_gadgets, uniq_saint_roka
Abyss:1:  base: Lair:1, hangedman_abyss_mock_shop

Skill      XL: |  1  2  3  4  5  6  7  8  9 10 11 12 13 |
---------------+----------------------------------------+-----
Long Blades    | 4 5 6 7 9 10 12 13 14 | 14.0
Fighting       | 3 4 5 6 8 9 11 12 | 12.0
Throwing       | 3 5 6 7 8 |  8.7
Dodging        | 5 6 7 8 9 11 13 14 15 | 15.9
Shields        | 3 4 |  4.0
Hexes          | 2 5 7 |  7.3

Action                     |  1- 3 |  4- 6 |  7- 9 | 10-12 | 13-15 || total
---------------------------+-------+-------+-------+-------+-------++-------
  Melee: Long sword        |    90 |    36 |       |       |       ||   126
         Dagger            |       |   149 |       |       |       ||   149
         Punch             |       |     3 |       |       |       ||     3
         Tailslap          |       |     1 |     2 |     4 |     7 ||    14
         Scimitar          |       |    34 |   183 |   445 |   112 ||   774
  Throw: Throwing net      |     2 |       |     1 |     2 |       ||     5
         Javelin           |       |       |    68 |   138 |       ||   206
         Boomerang         |       |       |    23 |    99 |       ||   122
  Evoke: Wand              |       |       |       |     5 |     5 ||    10
    Use: Scroll            |     7 |     7 |     9 |    12 |       ||    35
         Potion            |       |       |     1 |     8 |     2 ||    11
   Stab: Distracted        |     1 |       |       |     1 |       ||     2
         Held in net/web   |     1 |       |     1 |       |       ||     2
         Sleeping          |       |     6 |       |     3 |       ||     9
 Armour: Leather armour    |    43 |    46 |    26 |    18 |       ||   133
         Troll leather arm |       |       |       |    60 |     5 ||    65
  Dodge: Dodged            |    82 |   117 |   202 |   423 |    79 ||   903
  Block: Buckler           |       |       |    60 |   280 |    47 ||   387
         Reflection        |       |       |       |     8 |     3 ||    11
